 Dungeon Sprint DCSS version 0.31-a0-37-g98a128e1d9 (webtiles) character file.

Game seed: 6733928992830171724

106 bmack86 the Cleaver (level 4, -2/45 HPs)
             Began as a Minotaur Berserker on May 14, 2023.
             Was a Follower of Trog.
             Slain by Sigmund
             ... wielding a +2 scythe of protection
              (12 damage)
             ... in the Dungeon (Sprint I: "Red Sonja").
             The game lasted 00:00:45 (120 turns).

bmack86 the Cleaver (Minotaur Berserker)             Turns: 120, Time: 00:00:46

Health: -2/45      AC:  2    Str: 24    XL:     4   Next: 55%
Magic:  3/3        EV: 12    Int:  4    God:    Trog [*.....]
Gold:   54         SH:  0    Dex:  9    Spells: 3/3 levels left

rFire   . . .        a - +0 hand axe
rCold   . . .        (no shield)
rNeg    . . .        b - +0 animal skin
rPois   .            (helmet restricted)
rElec   .            (no cloak)
rCorr   .            (no gloves)
SInv    .            (no boots)
Will    .....        (no amulet)
Stlth   +            (no ring)
HPRegen 0.27/turn    (no ring)
MPRegen 0.08/turn

%: no teleportation
@: confused, on berserk cooldown, hasted and slowed
A: horns 2, retaliatory headbutt
a: Renounce Religion, Berserk


You were in the Dungeon.
You worshipped Trog.
Trog was aware of your devotion.
You visited 1 branch You collected 54 gold pieces.

Inventory:

Hand Weapons
 a - a +0 hand axe (weapon)
Armour
 b - a +0 animal skin (worn)
 j - a +0 leather armour
Wands
 i - a wand of digging (6)
Scrolls
 h - a scroll of blinking
Potions
 c - a potion of curing
 d - a potion of heal wounds
 f - 2 potions of magic
 g - a potion of berserk rage


   Skills:
 + Level 6.5 Fighting
 * Level 8.5 Axes
 + Level 5.9 Armour
 - Level 2.1 Dodging


You had 3 spell levels left.
You didn't know any spells.
Your spell library was empty.

Dungeon Overview and Level Annotations

Branches:
Dungeon (1/1)

Altars:

Annotations:
D Sigmund


Innate Abilities, Weirdness & Mutations

You have a pair of horns on your head.
You reflexively headbutt those who attack you in melee.


Message History

Sigmund shouts!
Sigmund casts a spell at you.
You are confused.
There is an open door here.
You feel your anger nearly subside.
You are no longer berserk.
You are exhausted.
You feel yourself slow down.
Sigmund hits you with a +2 scythe of protection.
You hit Sigmund but do no damage. Your headbutt misses Sigmund.
You bump into the rock wall.
Sigmund hits you with a +2 scythe of protection!
You bump into the stone wall.
Sigmund misses you.
You closely miss Sigmund.
You feel less confused.
Sigmund hits you with a +2 scythe of protection.
You closely miss Sigmund.
Sigmund hits you with a +2 scythe of protection.
Okay, then.
You feel yourself speed up. Sigmund casts a spell at you.
The magic dart hits you.
You hit Sigmund.
Sigmund is lightly wounded.
Sigmund hits you with a +2 scythe of protection.
You closely miss Sigmund. Your headbutt misses Sigmund.
Sigmund is lightly wounded.
Sigmund says, "You will soon forget everything."
Sigmund hits you with a +2 scythe of protection.
* * * LOW HITPOINT WARNING * * *
You closely miss Sigmund.
Sigmund is lightly wounded.
You hit Sigmund.
Sigmund is lightly wounded.
Sigmund gestures at you while chanting.
You are confused.
You bump into the rock wall.
Sigmund barely misses you.
You hit Sigmund.
Sigmund is lightly wounded.
Sigmund hits you with a +2 scythe of protection!
You die...

#############
#<.#..').#.@+
#..)..#..'.@#
#..#####'####
#..# #..#
#..# ####
#..# #⌠⌠#
####


You could see Sigmund.

Vanquished Creatures
  An ogre (D)
  Ijyb (D)
2 creatures vanquished.

Notes
Turn   | Place    | Note
-------+----------+-------------------------------------------
     0 | D        | bmack86 the Minotaur Berserker began the quest for the Orb.
     0 | D        | Reached XP level 1. HP: 19/19 MP: 0/0
     2 | D        | Noticed Ijyb
     9 | D        | Killed Ijyb
    10 | D        | Reached skill level 5 in Fighting
    10 | D        | Reached skill level 6 in Axes
    10 | D        | Reached XP level 2. HP: 29/29 MP: 1/1
    56 | D        | Noticed an ogre
    61 | D        | Killed an ogre
    62 | D        | Reached skill level 8 in Axes
    62 | D        | Reached skill level 5 in Armour
    62 | D        | Reached XP level 3. HP: 38/38 MP: 2/2
    62 | D        | Reached XP level 4. HP: 45/45 MP: 3/3
   105 | D        | Noticed Sigmund
   120 | D        | Slain by Sigmund

Illustrated notes

Levels and vault maps discovered:
D:        dungeon_sprint_1 [red_sonja_temple_1, red_sonja_temple_small_1]

Skill      XL: |  1  2 |
---------------+-------+-----
Fighting       | 5 6 |  6.5
Axes           | 6 8 |  8.5
Armour         | 4 5 |  5.9
Dodging        | |  2.1

Action                     |  1- 3 |  4- 6 || total
---------------------------+-------+-------++-------
  Melee: Hand axe          |    10 |     8 ||    18
         Headbutt          |     2 |       ||     2
 Invoke: Berserk           |     2 |     1 ||     3
    Use: Potion            |       |     1 ||     1
  Dodge: Dodged            |     3 |     2 ||     5

Table legend: (Time is in decaauts)
 A = Elapsed time spent in this place.
 B = Non-inter-level travel time spent in this place.
 C = Inter-level travel time spent in this place.
 D = Time resting spent in this place.
 E = Time spent auto-exploring this place.
 F = Levels seen in this place.
 G = Mean time per level.
                   A        B        C        D        E       F      G
               +--------+--------+--------+--------+--------+-----+--------+
         Total |    140 |    140 |      0 |     93 |      0 |   1 |  140.0 |
       Dungeon |    140 |    140 |      0 |     93 |      0 |   1 |  140.0 |
               +--------+--------+--------+--------+--------+-----+--------+

Top non-repeatable levels by time:
       D: 140 daAuts
